 Dungeon Crawl Stone Soup version 0.23-a0-458-g93a6ea9 (webtiles) character file.

615224 Lavandula the Severer (level 27, -27/230 (232) HPs)
             Began as a Naga Air Elementalist on Nov 24, 2018.
             Was the Champion of Ru.
             Killed from afar by a Tzitzimitl (82 damage)
             ... with a bolt of cold
             ... called by a doom hound
             ... on level 1 of Tartarus on Nov 25, 2018.
             The game lasted 04:12:08 (29042 turns).

Lavandula the Severer (Naga Air Elementalist)      Turns: 29042, Time: 04:12:09

HP:   -27/230 (232) AC: 35    Str: 22    XL:     27
MP:   40/40         EV: 19    Int: 27    God:    Ru [******]
Gold: 1794          SH:  0    Dex: 11    Spells: 1/52 levels left

rFire    + . .     SeeInvis +   p - +9 battleaxe (holy)
rCold    x . .     Gourm    .   (shield currently unavailable)
rNeg     . . .     Faith    .   I - +4 troll leather armour
rPois    +         Spirit   .   d - +3 crown of Dyrovepreva {rElec Int+2 SInv}
rElec    +         Reflect  .   G - +2 cloak {+Inv}
rCorr    .         Harm     .   F - +1 pair of gloves of the Thunderstorm {Str+5}
MR       ++++.     Rnd*Rage +   t - +6 lightning scales {run, rElec}
Stlth    ++++++....             y - amulet "Gify" {Regen+ Str+2 Stlth+}
HPRegen  1.28/turn              S - +5 ring of evasion
MPRegen  0.27/turn              w - ring "Dieb" {+Fly rPois rF++ Stlth+}

@: lethally poisoned (-27 -> -27), no potions, doom-hounded, silenced, slow
A: large, iridescent scales 1, see invisible, berserk 1, deformed body, magic
resistance 1, poison resistance, slowness 2, slow metabolism 1, spit poison 2,
inability to drink while threatened, inability to train armour, unskilled 1,
constrict 1, temperature sensitive, AC +9
}: 5/15 runes: decaying, silver, obsidian, abyssal, gossamer
a: Breathe Poison Gas, Renounce Religion, Evoke Invisibility, Evoke Flight


You were on level 1 of Tartarus.
You worshipped Ru.
Ru was exalted by your worship.
You were very hungry.

You visited 11 branches of the dungeon, and saw 52 of its levels.
You visited the Abyss 1 time.
You visited 1 bazaar.
You visited 1 ziggurat, and saw 11 of its levels.
You also visited: Trove, Sewer, Bailey and Volcano.

You collected 5451 gold pieces.
You spent 3657 gold pieces at shops.

Inventory:

Hand Weapons
 p - a +9 battleaxe of holy wrath (weapon)
 B - the +7 sceptre of Asmodeus
   (You took it off Asmodeus on level 7 of Gehenna)
 O - the +9 flail of the Tooth {crush, *Corrode +Blink Str+6}
   (You found it in a bailey)

   It inflicts extra damage upon your enemies.
   It affects your strength (+6).
   It lets you blink.
   It may corrode you when you take damage.
Missiles
 s - 7 throwing nets (quivered)
Armour
 d - the +3 crown of Dyrovepreva (worn) {rElec Int+2 SInv}
   (You bought it in a shop on level 2 of the Orcish Mines)

   It affects your intelligence (+2).
   It insulates you from electricity.
   It lets you see invisible.
 m - a +1 naga barding of cold resistance
 t - the +6 lightning scales (worn) {run, rElec}
   (You acquired it on level 15 of the Dungeon)

   It insulates you from electricity.
 F - the +1 pair of gloves of the Thunderstorm (worn) {Str+5}
   (You found it in a treasure trove)

   It affects your strength (+5).
 G - a +2 cloak of invisibility (worn)
 I - a +4 troll leather armour (worn)
 Z - a +5 shield of fire resistance
Magical Staves
 e - an uncursed staff of energy
Jewellery
 w - the ring "Dieb" (right hand) {+Fly rPois rF++ Stlth+}
   (You found it on level 3 of the Depths)

   [ring of stealth]

   It greatly protects you from fire.
   It protects you from poison.
   It lets you fly.
   It makes you more stealthy.
 y - the amulet "Gify" (around neck) {Regen+ Str+2 Stlth+}
   (You acquired it on level 1 of the Depths)

   [amulet of regeneration]

   It affects your strength (+2).
   It increases your rate of regeneration.
   It makes you more stealthy.
 z - the amulet "Gusu Hum" {+Blink +Rage rC+ Str+2}
   (You found it on level 4 of a ziggurat)

   [amulet of rage]

   It affects your strength (+2).
   It protects you from cold.
   It lets you blink.
   It lets you go berserk.
 A - the ring "Paxu Azo" {Wiz rElec Str+3 Int+6}
   (You found it on level 7 of a ziggurat)

   [ring of wizardry]

   It improves your spell success rate.
   It affects your strength (+3).
   It affects your intelligence (+6).
   It insulates you from electricity.
 K - the ring of Tauno {rPois rF++}
   (You found it on level 3 of the Vaults)

   [ring of poison resistance]

   It greatly protects you from fire.
   It protects you from poison.
 S - a +5 ring of evasion (left hand)
 W - a +3 ring of slaying
 Y - the ring of Luraor {rN+ MR+ Dex+4}
   (You acquired it on level 3 of the Abyss)

   [ring of positive energy]

   It affects your dexterity (+4).
   It protects you from negative energy.
   It affects your resistance to hostile enchantments.
Wands
 i - a wand of enslavement (8)
 j - a wand of paralysis (19)
 n - a wand of iceblast (20)
 E - a wand of digging (12)
 H - a wand of acid (3)
 U - a wand of clouds (12)
Scrolls
 h - 16 scrolls of remove curse
 k - 18 scrolls of teleportation
 l - 7 scrolls of blinking
 r - a scroll of summoning
 u - 11 scrolls of fog
 N - 3 scrolls of fear
 P - 3 scrolls of magic mapping
 R - 3 scrolls of amnesia
 V - 3 scrolls of holy word
Potions
 a - 2 potions of might
 b - 2 potions of berserk rage
 f - 2 potions of resistance
 g - 3 potions of cancellation
 o - 9 potions of mutation
 q - 4 potions of agility
 x - 13 potions of curing
 D - 7 potions of brilliance
 J - 8 potions of ambrosia
 M - 5 potions of magic
 Q - 8 potions of invisibility
 T - 6 potions of heal wounds
 X - 11 potions of haste
Miscellaneous
 v - 6 boxes of beasts
 C - 4 phantom mirrors
 L - a lamp of fire
Comestibles
 c - 38 rations


   Skills:
 - Level 11.4 Fighting
 - Level 18.3(20.4) Axes
 - Level 16.2(19.4) Maces & Flails
 - Level 14.2 Dodging
 - Level 9.8 Stealth
 - Level 10.3 Shields
 - Level 13.0 Spellcasting
 - Level 0.8 Conjurations
 - Level 4.0 Charms
 + Level 5.6 Summonings
 - Level 6.0 Translocations
 - Level 15.9 Transmutations
 - Level 3.0 Ice Magic
 - Level 6.5 Air Magic
 - Level 11.1 Earth Magic
 - Level 6.5 Evocations


You had one spell level left.
You knew the following spells:

 Your Spells              Type           Power        Failure   Level  Hunger
a - Shock                 Conj/Air       ####         1%          1    None
b - Swiftness             Chrm/Air       #####...     1%          2    None
c - Airstrike             Air            ######....   2%          4    None
d - Static Discharge      Conj/Air       #####...     2%          3    None
e - Lee's Rapid Deconstr  Erth           ######....   1%          5    ##.....
f - Ozocubu's Armour      Chrm/Ice       #####...     2%          3    None
g - Apportation           Tloc           #####.       1%          1    None
h - Mephitic Cloud        Conj/Pois/Air  ####....     4%          3    None
i - Statue Form           Tmut/Erth      ######...    2%          6    ####...
j - Passwall              Tmut/Erth      ######..     1%          2    None
k - Summon Lightning Spi  Summ/Air       ######..     3%          4    None
l - Regeneration          Chrm/Necr      ####......   4%          3    None
m - Summon Butterflies    Summ           #####...     1%          1    None
n - Blink                 Tloc           N/A          1%          2    None
o - Shroud of Golubria    Chrm/Tloc      #####.....   1%          2    None
p - Song of Slaying       Chrm           #####...     1%          2    None
q - Spectral Weapon       Hex/Chrm       ####....     4%          3    None
r - Passage of Golubria   Tloc           N/A          3%          4    None

Your spell library contained the following spells:

 Spells                   Type           Power        Failure   Level  Hunger
 Beastly Appendage        Tmut           ######       0%          1    None
 Freeze                   Ice            ####         1%          1    None
 Infusion                 Chrm           ####         1%          1    None
 Sandblast                Erth           ######       1%          1    None
 Summon Small Mammal      Summ           ####         1%          1    None
 Magic Dart               Conj           ###.         2%          1    None
 Confusing Touch          Hex            ###...       3%          1    None
 Corona                   Hex            ###....      3%          1    None
 Sting                    Conj/Pois      ###.         3%          1    None
 Sticks to Snakes         Tmut           #######.     0%          2    None
 Call Imp                 Summ           #####...     1%          2    None
 Poisonous Vapours        Pois/Air       #####.       1%          2    None
 Call Canine Familiar     Summ           #####...     1%          3    None
 Gell's Gravitas          Tloc           #####.....   1%          3    None
 Ignite Poison            Fire/Tmut/Pois #####...     1%          3    None
 Lesser Beckoning         Tloc           #####.....   1%          3    None
 Spider Form              Tmut/Pois      ######....   1%          3    None
 Stone Arrow              Conj/Erth      ######       1%          3    None
 Ice Form                 Ice/Tmut       ######..     1%          4    None
 Petrify                  Tmut/Erth      ######..     1%          4    None
 Blade Hands              Tmut           #######...   1%          5    ##.....
 Hydra Form               Tmut           #######...   1%          6    ####...
 Throw Frost              Conj/Ice       ####..       2%          2    None
 Ensorcelled Hibernation  Hex/Ice        ####..       3%          2    None
 Searing Ray              Conj           ###...       3%          2    None
 Portal Projectile        Hex/Tloc       ####..       3%          3    None
 Summon Guardian Golem    Hex/Summ       ####....     3%          3    None
 Leda's Liquefaction      Hex/Erth       #####.....   3%          4    None
 Alistair's Intoxication  Tmut/Pois      ######..     3%          5    ##.....
 Yara's Violent Unravell  Hex/Tmut       ######....   3%          5    ##.....
 Corpse Rot               Necr           N/A          5%          2    None
 Slow                     Hex            ###.....     5%          2    None
 Sublimation of Blood     Necr           ###.......   5%          2    None
 Summon Ice Beast         Ice/Summ       #####...     6%          4    None
 Conjure Flame            Conj/Fire      ###.....     9%          3    None
 Dazzling Spray           Conj/Hex       ###...       9%          3    None
 Force Lance              Conj/Tloc      #####...     9%          4    None
 Borgnjor's Vile Clutch   Necr/Erth      #####.....   10%         5    ##.....
 Summon Forest            Summ/Tloc      #####.....   10%         5    ##.....
 Confuse                  Hex            ###.....     11%         3    None
 Inner Flame              Hex/Fire       ###.....     11%         3    None
 Tukima's Dance           Hex            ###.....     11%         3    None
 Throw Icicle             Conj/Ice       ####....     16%         4    None
 Bolt of Magma            Conj/Fire/Erth #####.....   19%         5    ##.....
 Lightning Bolt           Conj/Air       #####.....   22%         5    ##.....
 Iskenderun's Mystic Bla  Conj           ###.....     26%         4    None
 Silence                  Hex/Air        #####.....   26%         5    ##.....
 Fulminant Prism          Conj/Hex       ###.......   30%         4    None
 Cause Fear               Hex            ###.......   34%         4    None
 Iron Shot                Conj/Erth      ######....   43%         6    ####...
 Metabolic Englaciation   Hex/Ice        ####......   47%         5    ##.....
 Shadow Creatures         Summ           N/A          50%         6    ####...
 Freezing Cloud           Conj/Ice/Air   #####.....   80%         6    ####...
 Simulacrum               Ice/Necr       ####......   96%         6    ####...
 Malign Gateway           Summ/Tloc      #####.....   96%         7    ######.
 Monstrous Menagerie      Summ           #####.....   97%         7    ######.
 Summon Greater Demon     Summ           #####.....   97%         7    ######.
 Summon Hydra             Summ           #####.....   97%         7    ######.
 Darkness                 Hex            ###.......   99%         6    ####...
 Invisibility             Hex            ###.....     99%         6    ####...
 Ring of Flames           Chrm/Fire      ####......   100%        7    ######.
 Borgnjor's Revivificati  Necr           ###.......   100%        8    #######
 Summon Horrible Things   Summ           #####.....   100%        8    #######
 Shatter                  Erth           ######....   100%        9    #######


Dungeon Overview and Level Annotations

Branches:
Dungeon (15/15)              Lair (6/6) D:9           Swamp (4/4) Lair:3
 Spider (4/4) Lair:4        Slime (0/5) Lair:5          Orc (2/2) D:9
    Elf (0/3) Orc:2        Vaults (5/5) D:14          Crypt (3/3) Vaults:2
   Tomb (0/3) Crypt:3      Depths (4/5) D:15           Hell (1/1)
    Geh (7/7) Hell            Tar (1/7) Hell
 Temple: D:4-7          Dis: Hell:1         Coc: Hell:1

Altars:
Dithmenos
Kikubaaqudgha
Nemelex Xobeh
Qazlal
Ru
Sif Muna
Uskayaw
Wu Jian
Xom
Yredelemnul
The Shining One

Shops:
D:6 *:%[   D:12 !   D:15 ?[[   Orc:1 (   Orc:2 [[*?   Vaults:3 [
Depths:1 ?([?

Portals:
Hell: Depths:1 Depths:2
Abyss: Depths:4
Pandemonium: Depths:3

Annotations:
D:4 exclusion: phantom
Orc:1 1 runed door, theanonym's ghost, journeyman MiMo


Innate Abilities, Weirdness & Mutations

You cannot wear boots.
Your serpentine skin is tough. (AC +9)
You have supernaturally acute eyesight. (SInv)
Armour fits poorly on your strangely shaped body.
Your system is resistant to poisons. (rPois)
You cover ground very slowly.
You have a slow metabolism.
You can exhale a cloud of poison.
You cannot drink potions while threatened.
You cannot train Armour skill.
You are somewhat unskilled. (-1 Apt)
You can use your snake-like lower body to constrict enemies.
You are sensitive to extremes of temperature. (rF-, rC-)
You are partially covered in iridescent scales. (AC +2)
You tend to lose your temper in combat.
You are resistant to hostile enchantments. (MR+)


Message History

You feel sick. The doom hound bites you!!!
You feel threatened and lose the ability to drink potions!
The doom hound claws you but does no damage.
The doom hound unleashes a silent howl, and it begins to echo in your mind!
Unknown command.
You feel sick.
Unknown command.
You feel sick.
A Tzitzimitl comes into view.
Unknown command.
You feel sick. The Tzitzimitl engulfs you!
* * * LOW HITPOINT WARNING * * *
The Tzitzimitl closely misses you.
Unknown command.
You feel sick. The doom hound bites you!
* * * LOW HITPOINT WARNING * * *
The doom hound claws you but does no damage.
The Tzitzimitl gestures at you. The bolt of cold hits you!
You feel a terrible chill!
You die...

... .. ##....########
... #.##........#...#
# #.W#..#..))...##...#
#.##.#..#....)).#....#
#.....z.#..)..).#....#
........#...)...##...#
.....2.z#...1....#.∩.#
.>.....zzh..##.#.#...#
.#########@##..###..##
........#.....#.##
......#.#.....#..#
....###.#...#.#..# ...
.......#....# ..
.......#.#### .
#.....###.# #..... ...
...##. #Z##.


You could see a doom hound, a Tzitzimitl, a reaper and 3 skeletal warriors.

Vanquished Creatures
  Asmodeus (Geh:7)
  2 pandemonium lords
  4 ancient liches
  Saint Roka (Orc:1)
  5 Killer Klowns (Zig:9)
  Geryon (Hell)
  Jory (Vaults:4)
  6 bone dragons
  3 liches
  7 Brimstone Fiends (Geh:7)
  2 Tzitzimimeh
  The ghost of Tazamm the Executioner, an adept MiBe of Trog (Vaults:2)
  3 tentacled monstrosities
  A quicksilver dragon (Vaults:4)
  2 titans
  Murray (Hell)
  2 sphinxes
  A thorn hunter (Swamp:3)
  9 tentacled starspawn
  A kraken (Abyss:5)
  4 ancient champions (Crypt:3)
  3 storm dragons
  A daeva (Zig:5)
  5 shadow dragons
  6 tengu reavers
  A revenant (Hell)
  A fire giant (shapeshifter) (Zig:9)
  4 balrugs (Geh:7)
  7 fire giants
  A ghost moth (shapeshifter) (Depths:3)
  A draconian scorcher (Zig:11)
  5 frost giants
  The ghost of Juplutso the Markscentaur, a journeyman CeHu of Okawaru (Lair:2)
  3 ghost moths (Spider:4)
  An iron dragon (Vaults:4)
  3 emperor scorpions
  3 deep elf sorcerers
  Louise (D:14)
  2 ghouls (Crypt:3)
  13 vault wardens
  3 deep elf elementalists
  2 angels
  A juggernaut zombie (Zig:8)
  6 reapers
  3 draconian stormcallers
  9 ironheart preservers
  A war gargoyle (Vaults:5)
  3 draconian annihilators (Zig:11)
  4 vampire knights
  13 stone giants
  3 deep elf demonologists (Vaults:5)
  16 very ugly things
  2 green draconians (Zig:11)
  A lorocyproca (Abyss:1)
  8 entropy weavers
  5 deep elf annihilators
  A red draconian (Zig:11)
  A purple draconian (Zig:11)
  Azrael (D:14)
  2 spark wasps
  2 black draconians (Zig:11)
  A crystal guardian (Vaults:3)
  2 blizzard demons (Hell)
  3 deep elf death magi
  A yellow draconian (Zig:11)
  A green death (Zig:6)
  3 jiangshi (Crypt:3)
  5 starcursed masses
  11 ettins
  2 deep elf high priests
  2 fire dragons
  A quicksilver dragon zombie (Depths:3)
  9 yaktaur captains
  Snorg (D:12)
  33 vault guards
  12 great orbs of eyes
  Fannar (Orc:1)
  8 rakshasas
  Harold (Orc:1)
  20 hydras
  A spriggan air mage (Depths:3)
  6 ice dragons
  The ghost of Loge the Blocker, a journeyman FoFi of Makhleb (D:12)
  A great orb of eyes (shapeshifter) (Vaults:4)
  4 shambling mangroves
  A hell beast (Zig:6)
  An anaconda (shapeshifter) (Vaults:5)
  4 ghost crabs
  2 quicksilver dragon skeletons
  7 ogre magi
  A death knight (D:15)
  6 alligators
  15 centaur warriors
  4 tengu warriors (D:15)
  A queen ant (Lair:3)
  A titan zombie (Geh:7)
  5 deep troll earth magi
  A death scarab (Zig:2)
  24 hell hogs
  2 deep troll shamans
  24 two-headed ogres
  3 vampire magi
  2 thrashing horrors (Abyss:5)
  A spriggan berserker (Depths:3)
  4 dancing weapons
  2 death yaks (Depths:2)
  12 small abominations
  9 spriggans
  3 sun demons
  16 hell knights
  3 deep elf knights
  2 storm dragon zombies
  4 soul eaters (Hell)
  2 fire crabs
  3 sixfirhies
  48 skeletal warriors
  2 titan skeletons
  An iron troll (Depths:2)
  7 shadow wraiths
  A golden dragon zombie (Depths:2)
  2 unseen horrors (shapeshifter)
  An iron giant zombie (Crypt:3)
  4 wretched stars
  2 ghost moth zombies
  4 wizards
  7 unseen horrors
  2 flayed ghosts (Geh:7)
  A spark wasp zombie (Depths:2)
  2 spriggan druids
  2 storm dragon skeletons
  A death drake (shapeshifter) (Depths:1)
  A sea snake (shapeshifter) (Vaults:5)
  18 deep trolls
  8 swamp dragons
  8 ironbrand convokers
  3 shadow demons (Depths:3)
  2 swamp dragons (shapeshifter) (Vaults:5)
  A wolf spider zombie (Geh:7)
  2 anaconda zombies
  5 deep elf archers
  A tengu zombie (Depths:2)
  An orange crystal statue (Abyss:5)
  A golden dragon skeleton (Crypt:3)
  Pikel (D:9)
  14 orc knights
  8 necromancers
  2 lindwurms
  8 orc sorcerers
  5 phantasmal warriors
  16 orb spiders
  A wolf spider (shapeshifter) (Zig:6)
  10 harpies
  2 fire giant zombies
  An oklob plant (Lair:6)
  13 deep elf magi
  A shadow dragon skeleton (Geh:6)
  3 stone giant zombies
  49 ugly things
  28 wolf spiders
  2 manticores
  3 salamanders
  5 moths of wrath
  6 fire giant skeletons
  5 worldbinders
  6 cyclopes
  3 elephants (Lair:5)
  An iron dragon skeleton (Crypt:3)
  2 frost giant skeletons
  A dire elephant zombie (Hell)
  4 black mambas
  A guardian serpent (Abyss:3)
  2 stone giant skeletons
  5 torpor snails (Lair:6)
  8 smoke demons
  A gargoyle (D:14)
  12 molten gargoyles
  3 apocalypse crabs
  5 vault sentinels
  9 hellions
  An orange demon (Abyss:1)
  A kobold demonologist (Abyss:1)
  18 spiny frogs
  5 komodo dragons
  8 efreet
  10 freezing wraiths
  An iron troll zombie (Crypt:3)
  A komodo dragon (shapeshifter) (Vaults:5)
  51 yaktaurs
  A rime drake (Lair:6)
  A pale draconian skeleton (Crypt:3)
  3 guardian mummies
  A hellwing (Abyss:2)
  An ice devil (Hell)
  7 ancient zymes
  2 tormentors (Geh:7)
  2 yaktaur skeletons (Vaults:2)
  11 red devils
  A silent spectre (Tar:1)
  3 hydra zombies
  2 queen bees
  12 demonic crawlers
  A jumping spider (shapeshifter) (Vaults:5)
  30 jumping spiders
  A death drake zombie (Crypt:3)
  A polar bear (Lair:6)
  A harpy zombie (Geh:6)
  3 tengu conjurers (D:15)
  8 meliai
  6 bog bodies
  6 trolls
  A hydra skeleton (Crypt:3)
  8 raiju
  A meliai (shapeshifter) (Vaults:2)
  6 tyrant leeches
  30 hornets
  26 slime creatures
  A meliai zombie (D:15)
  24 blink frogs
  4 hippogriffs
  A wind drake (shapeshifter) (D:15)
  A harpy skeleton (Geh:7)
  An alligator zombie (Abyss:1)
  A dream sheep (shapeshifter) (Vaults:5)
  6 water elementals
  10 wraiths
  An air elemental (Zig:7)
  A fire dragon skeleton (Geh:7)
  42 flying skulls
  5 wyverns
  76 redbacks
  30 tarantellas
  A vampire (D:14)
  3 ynoxinuls
  12 shadows
  3 ettin skeletons
  An elf zombie (Zig:8)
  23 yaks
  A fire bat (Volcano)
  A fire bat (shapeshifter) (Vaults:5)
  6 neqoxecs
  13 fire elementals
  Grum (D:11)
  3 basilisks
  11 chaos spawn
  19 vampire mosquitoes
  2 hungry ghosts
  10 wargs
  14 insubstantial wisps
  A spatial vortex (Abyss:5)
  5 swamp worms
  11 water moccasins
  18 soldier ants
  A monstrous demonspawn zombie (Crypt:3)
  3 acid dragons
  3 hell hounds
  A spiny frog zombie (Geh:7)
  2 floating eyes (D:15)
  17 large abominations
  7 porcupines
  14 swamp drakes
  54 orc warriors
  4 ice beasts
  An eye of draining (D:15)
  An ice dragon simulacrum (Hell)
  5 sky beasts
  6 black bears
  A hornet zombie (D:14)
  22 ogres
  A phantom (D:11)
  6 necrophages
  5 boggarts
  22 centaurs
  7 wolves
  2 ogres (shapeshifter) (Vaults:5)
  A snapping turtle skeleton (Geh:7)
  A tengu (shapeshifter) (Vaults:2)
  A manticore skeleton (Geh:6)
  7 crocodiles
  23 bullfrogs
  2 earth elementals
  3 human skeletons (Vaults:2)
  A cyclops skeleton (Crypt:3)
  4 scorpions
  A troll zombie (Crypt:3)
  24 killer bees
  24 wights
  2 electric eels
  2 spriggan skeletons
  6 howler monkeys
  7 crimson imps
  5 centaur zombies
  2 bullfrog zombies (D:5)
  An elf simulacrum (Hell)
  2 quasits
  A lava snake (Swamp:4)
  12 orc priests
  11 hounds
  3 jellies
  Crazy Yiuf (D:6)
  6 centaur skeletons
  3 bullfrog skeletons
  3 iron imps
  10 hell rats (Hell)
  3 iguanas
  24 orc wizards
  26 worker ants
  A hound zombie (D:7)
  4 hound skeletons
  12 mummies
  A worker ant zombie (D:11)
  A gnoll (Bailey)
  10 adders
  4 shadow imps
  3 white imps
  2 ufetubi
  An adder zombie (D:6)
  2 dart slugs
  A worm (D:5)
  7 leopard geckos
  78 orcs
  10 giant cockroaches
  9 goblins
  5 hobgoblins
  5 quokkas
  2 ball pythons (Sewer)
  8 frilled lizards
  A giant cockroach zombie (D:5)
  17 kobolds
  A leopard gecko skeleton (D:6)
  A leopard gecko zombie (D:5)
  2 orc skeletons (Geh:6)
  A quokka zombie (D:8)
  5 rats
  12 briar patches (Swamp:2)
  2 butterflies
  5 crawling corpses
  3 plants
  6 starspawn tentacles
  A tentacle (Abyss:5)
2151 creatures vanquished.

Vanquished Creatures (collateral kills)
  A ghost moth (Spider:4)
  An ironheart preserver (Vaults:4)
  2 ironbrand convokers (Vaults:2)
  An orb spider (Spider:4)
  4 wolf spiders (Spider:4)
  A vault sentinel (Vaults:2)
  A jumping spider (Spider:4)
  A redback (Spider:4)
  3 tarantellas (Spider:4)
15 creatures vanquished.

Vanquished Creatures (others)
  A sphinx (Vaults:5)
  A reaper (Geh:6)
  A draconian stormcaller (Zig:11)
  2 very ugly things (Depths:1)
  2 ettins (Vaults:4)
  A fire dragon (Swamp:3)
  2 yaktaur captains
  A great orb of eyes (Depths:3)
  A vault guard (D:15)
  An alligator (Swamp:4)
  A hell hog (Geh:7)
  A hell knight (Depths:3)
  A spatial maelstrom (Abyss:5)
  A swamp dragon (Swamp:4)
  A wizard (Abyss:1)
  An orc knight (Vaults:4)
  A lindwurm (Swamp:4)
  An orb spider (Spider:4)
  A golden dragon skeleton (Depths:3)
  2 wolf spiders
  An ugly thing (Depths:3)
  A yaktaur (D:15)
  A komodo dragon (Lair:4)
  A jumping spider (Spider:4)
  A hornet (D:12)
  2 slime creatures (D:12)
  A flying skull (Geh:6)
  4 redbacks
  2 tarantellas
  A small abomination (Abyss:1)
  A vampire mosquito (Swamp:4)
  2 steam dragons (Swamp:4)
  An insubstantial wisp (Swamp:3)
  A soldier ant (Lair:3)
  A water moccasin (Lair:6)
  3 slaves (D:9)
  5 swamp drakes (Swamp:4)
  4 orc warriors
  A boggart (Depths:3)
  A manticore skeleton (Geh:6)
  2 wolves
  An ogre (Zig:3)
  2 centaurs
  A bullfrog (Lair:4)
  A wight (Geh:3)
  A centaur skeleton (D:9)
  An iguana (D:10)
  3 hell rats (Hell)
  A mummy (Zig:2)
  A white imp (Hell)
  An orc (shapeshifter) (Vaults:5)
  9 orcs
  A hobgoblin (Bailey)
  A kobold zombie (Abyss:1)
  A crawling corpse (Vaults:4)
  10 fungi
  A lurking horror (Abyss:1)
  44 plants
  19 starspawn tentacles
  3 tentacles (Abyss:5)
163 creatures vanquished.

Grand Total: 2329 creatures vanquished

Notes
Turn   | Place    | Note
-------+----------+-------------------------------------------
     0 | D:1      | Lavandula the Naga Air Elementalist began the quest for the
                  | Orb.
     0 | D:1      | Reached XP level 1. HP: 15/15 MP: 3/3
   246 | D:1      | You fall through a shaft!
   305 | D:3      | Reached XP level 2. HP: 22/22 MP: 1/5
   446 | D:4      | Noticed a phantom
   451 | D:4      | Learned a level 2 spell: Swiftness
   486 | D:4      | Found a hide-covered altar of Uskayaw.
   588 | D:4      | Noticed a scorpion
   600 | D:4      | Killed a scorpion
   600 | D:4      | Reached XP level 3. HP: 13/28 MP: 0/8
   600 | D:4      | Reached XP level 4. HP: 17/36 MP: 0/10
   606 | D:4      | Learned a level 4 spell: Airstrike
   698 | D:5      | Entered Level 5 of the Dungeon
   760 | D:5      | Found a stormy altar of Qazlal.
   760 | D:5      | Found a sacrificial altar of Ru.
   764 | D:5      | Became a worshipper of Ru the Awakened
   950 | D:5      | Reached XP level 5. HP: 37/42 MP: 9/11
  1023 | D:5      | Found a glowing drain.
  1036 | Sewer    | Entered a sewer
  1078 | Sewer    | Learned a level 3 spell: Static Discharge
  1218 | Sewer    | Reached skill level 5 in Air Magic
  1218 | Sewer    | Reached XP level 6. HP: 27/49 MP: 5/12
  1406 | D:5      | Found a sparkling altar of Nemelex Xobeh.
  1439 | D:6      | Noticed a sky beast
  1442 | D:6      | Killed a sky beast
  1449 | D:6      | Reached XP level 7. HP: 34/55 MP: 0/13
  1600 | D:6      | Found an ancient bone altar of Kikubaaqudgha.
  1699 | D:7      | Got a transparent mace
  1700 | D:7      | Identified the +5 mace of the Madman {elec, rN+ MP+9 Int+4}
                  | (You found it on level 7 of the Dungeon)
  1849 | D:7      | Reached XP level 8. HP: 14/70 MP: 14/14
  1918 | D:7      | Noticed a hornet
  2128 | D:7      | Killed a hornet
  2207 | D:7      | Gained mutation: You cannot train Armour skill. [Ru
                  | sacrifice]
  2207 | D:7      | Reached * piety under Ru
  2250 | D:6      | Found Otteixyck's Antique Armour Shoppe.
  2256 | D:6      | Bought a runed helmet for 120 gold pieces
  2486 | D:6      | Found Dicaukaz's Food Boutique.
  2516 | D:6      | Found Wacked's Book Shop.
  2527 | D:6      | Reached skill level 5 in Dodging
  2565 | D:6      | Found Tistrasche's Assorted Antiques.
  2570 | D:6      | Bought a scroll labeled VAANLI VINALI for 31 gold pieces
  2570 | D:6      | Bought a scroll labeled USEENI MENI for 31 gold pieces
  2581 | D:6      | Bought a fuming ruby potion for 27 gold pieces
  2637 | D:6      | Found a runed door.
  2641 | D:6      | Noticed Crazy Yiuf
  2949 | D:6      | Learned a level 5 spell: Lightning Bolt
  3002 | D:6      | Killed Crazy Yiuf
  3054 | D:7      | Reached skill level 1 in Maces & Flails
  3115 | D:8      | Reached XP level 9. HP: 71/76 MP: 15/15
  3250 | D:8      | Reached skill level 1 in Evocations
  3547 | D:8      | Gained mutation: You are somewhat unskilled. (-1 Apt) [Ru
                  | sacrifice]
  3547 | D:8      | Reached ** piety under Ru
  3547 | D:8      | Reached *** piety under Ru
  3588 | D:9      | Found a glowing golden altar of the Shining One.
  3597 | D:10     | Entered Level 10 of the Dungeon
  3634 | D:10     | Reached skill level 5 in Maces & Flails
  3751 | D:10     | Reached XP level 10. HP: 82/82 MP: 16/16
  3761 | D:10     | Found an ornate altar of the Wu Jian Council.
  4053 | D:11     | Noticed a two-headed ogre
  4064 | D:11     | Killed a two-headed ogre
  4125 | D:11     | Noticed a purple ugly thing
  4132 | D:11     | Killed a purple ugly thing
  4184 | D:11     | Found a flagged portal.
  4192 | Bailey   | Entered a bailey
  4310 | Bailey   | Noticed an orc knight
  4335 | Bailey   | Killed an orc knight
  4335 | Bailey   | Reached skill level 5 in Spellcasting
  4414 | Bailey   | Got a steaming flail
  4415 | Bailey   | Identified the +9 flail of the Tooth {crush, *Corrode
                  | +Blink Str+6} (You found it in a bailey)
  4420 | Bailey   | Learned a level 3 spell: Ozocubu's Armour
  4551 | D:11     | Reached XP level 11. HP: 88/88 MP: 18/20
  4559 | D:11     | Reached skill level 1 in Charms
  4569 | D:11     | Gained mutation: You cannot drink potions while threatened.
                  | [Ru sacrifice]
  4569 | D:11     | Reached **** piety under Ru
  4638 | D:9      | Noticed Pikel
  4649 | D:9      | Killed Pikel
  4813 | D:9      | Reached skill level 1 in Ice Magic
  4842 | D:9      | Found a staircase to the Lair.
  4856 | Lair:1   | Entered Level 1 of the Lair of Beasts
  4865 | D:9      | Found a shadowy altar of Dithmenos.
  4888 | D:9      | Found a deep blue altar of Sif Muna.
  4994 | D:6      | Bought a metallic puce potion for 27 gold pieces
  4994 | D:6      | Bought a thick lapis lazuli amulet for 155 gold pieces
  5292 | D:12     | Noticed a four-headed hydra
  5305 | D:12     | Killed a four-headed hydra
  5372 | D:12     | Found a transporter.
  5376 | D:12     | Found a transporter.
  5379 | D:12     | Noticed Loge's ghost (journeyman FoFi)
  5388 | D:12     | Noticed an unseen horror
  5388 | D:12     | Noticed an unseen horror
  5388 | D:12     | Noticed an unseen horror
  5399 | D:12     | Reached skill level 10 in Maces & Flails
  5466 | D:12     | Killed an unseen horror
  5473 | D:12     | Killed an unseen horror
  5490 | D:12     | Killed an unseen horror
  5572 | D:13     | Noticed Snorg
  5572 | D:13     | Noticed a centaur warrior
  5582 | D:12     | Killed Snorg
  5582 | D:12     | Reached XP level 12. HP: 79/96 MP: 21/21
  5663 | D:12     | Identified the +1 short sword "Ytoonuz" {freeze, Str+4}
  5735 | D:12     | Noticed a seven-headed hydra
  5742 | D:12     | Killed a seven-headed hydra
  5763 | D:12     | Found Qucs's Distillery.
  5767 | D:12     | Bought a potion of curing for 45 gold pieces
  5767 | D:12     | Bought a potion of degeneration for 15 gold pieces
  5767 | D:12     | Bought a potion of brilliance for 60 gold pieces
  5923 | D:11     | Noticed Grum
  5937 | D:11     | Killed Grum
  6012 | D:10     | Noticed a two-headed ogre
  6028 | D:10     | Killed a two-headed ogre
  6555 | D:9      | Found a staircase to the Orcish Mines.
  6678 | Orc:1    | Entered Level 1 of the Orcish Mines
  6769 | Orc:1    | Noticed a two-headed ogre
  6780 | Orc:1    | Killed a two-headed ogre
  6821 | Orc:2    | Entered Level 2 of the Orcish Mines
  6830 | Orc:2    | Found a staircase to the Elven Halls.
  6974 | Orc:2    | Noticed Saint Roka
  7146 | Orc:1    | Killed Saint Roka
  7146 | Orc:1    | Gained mutation: You can use your snake-like lower body to
                  | constrict enemies. [Naga growth]
  7146 | Orc:1    | Reached XP level 13. HP: 28/102 MP: 22/22
  7358 | Orc:2    | Reached skill level 5 in Fighting
  7631 | Orc:2    | Reached skill level 5 in Dodging
  7658 | Orc:2    | Found Folluill's General Store.
  7658 | Orc:2    | Found Hugigg's Antique Armour Boutique.
  7660 | Orc:2    | Found Uruery's Armour Shop.
  7662 | Orc:2    | Found Carruboe's Magic Scroll Shoppe.
  7666 | Orc:2    | Bought a scroll of noise for 17 gold pieces
  7666 | Orc:2    | Bought a scroll of random uselessness for 17 gold pieces
  7678 | Orc:2    | Bought a scroll of immolation for 59 gold pieces
  7954 | Orc:2    | Learned a level 2 spell: Blink
  7958 | Orc:2    | Learned a level 3 spell: Mephitic Cloud
  8026 | Orc:2    | Bought a potion of berserk rage for 80 gold pieces
  8127 | Orc:1    | Noticed Fannar
  8156 | Orc:1    | Killed Fannar
  8261 | Orc:1    | Found a runed door.
  8261 | Orc:1    | Found a shimmering altar of Xom.
  8261 | Orc:1    | Noticed theanonym's ghost (journeyman MiMo)
  8272 | Orc:1    | Noticed Harold
  8280 | Orc:1    | Found Fuobi's Antique Weapon Boutique.
  8300 | Orc:1    | Killed Harold
  8615 | D:14     | Noticed a great orb of eyes
  8615 | D:14     | Noticed a great orb of eyes
  8981 | Lair:2   | Found a runed door.
  8984 | Lair:2   | Noticed Juplutso's ghost (journeyman CeHu)
  9076 | Lair:2   | Gained mutation: You are sensitive to extremes of
                  | temperature. (rF-, rC-) [Ru sacrifice]
  9076 | Lair:2   | Reached ***** piety under Ru
  9076 | Lair:2   | Reached ****** piety under Ru
  9141 | Lair:2   | Killed Juplutso's ghost
  9141 | Lair:2   | Reached skill level 5 in Evocations
  9141 | Lair:2   | Reached XP level 14. HP: 115/115 MP: 20/27
  9514 | Lair:5   | Found a staircase to the Slime Pits.
  9568 | Lair:5   | Found a dark tunnel.
  9576 | Volcano  | Entered a volcano
  9695 | Volcano  | Reached skill level 1 in Shields
  9865 | Lair:6   | Entered Level 6 of the Lair of Beasts
 10070 | Lair:6   | Found a runed door.
 10149 | Lair:6   | Upgraded the game from 0.23-a0-455-ge12115f to
                  | 0.23-a0-458-g93a6ea9
 10192 | Lair:6   | Gained mutation: You are partially covered in iridescent
                  | scales. (AC +2) [potion of mutation]
 10192 | Lair:6   | Gained mutation: You tend to lose your temper in combat.
                  | [potion of mutation]
 10192 | Lair:6   | Gained mutation: You are resistant to hostile enchantments.
                  | (MR+) [potion of mutation]
 10192 | Lair:6   | Gained mutation: You can exhale a cloud of poison. [potion
                  | of mutation]
 10297 | Lair:6   | Reached skill level 5 in Shields
 10885 | Lair:3   | Found a staircase to the Swamp.
 10924 | Swamp:1  | Entered Level 1 of the Swamp
 11094 | Swamp:2  | Reached XP level 15. HP: 92/121 MP: 24/28
 11171 | Swamp:4  | Entered Level 4 of the Swamp
 11357 | Swamp:4  | Noticed a thorn hunter
 11387 | Swamp:3  | Killed a thorn hunter
 11387 | Swamp:3  | Reached skill level 1 in Translocations
 12075 | Swamp:4  | Got a decaying rune of Zot
 12186 | Swamp:2  | Noticed a thorn hunter
 12302 | Lair:3   | Learned a level 5 spell: Blade Hands
 12394 | Lair:3   | Reached skill level 1 in Transmutations
 12424 | Lair:3   | Reached XP level 16. HP: 131/136 MP: 29/29
 12668 | Lair:4   | Found a hole to the Spider Nest.
 13048 | Orc:2    | Bought the +3 crown of Dyrovepreva {rElec Int+2 SInv} for
                  | 496 gold pieces
 13048 | Orc:2    | Found the +3 crown of Dyrovepreva {rElec Int+2 SInv}
 13329 | Spider:1 | Entered Level 1 of the Spider Nest
 13408 | Spider:1 | Reached skill level 5 in Transmutations
 13890 | Spider:1 | HP: 5/136 [poisoned by an emperor scorpion]
 13895 | Spider:1 | HP: 6/136 [poisoned by an emperor scorpion]
 13901 | Lair:4   | HP: 6/136 [poisoned by an emperor scorpion]
 14109 | D:6      | Bought a book of the Earth for 715 gold pieces
 14117 | D:6      | Learned a level 6 spell: Statue Form
 14299 | Lair:4   | Reached skill level 1 in Earth Magic
 14871 | Spider:3 | Reached skill level 5 in Earth Magic
 14947 | Spider:4 | Entered Level 4 of the Spider Nest
 14963 | Spider:4 | Reached XP level 17. HP: 125/142 MP: 26/30
 15587 | Spider:4 | Reached skill level 10 in Earth Magic
 15629 | Spider:4 | Got a gossamer rune of Zot
 15715 | Spider:4 | Learned a level 2 spell: Passwall
 15991 | D:12     | Killed Loge's ghost
 16455 | D:6      | Bought a book of Callings for 330 gold pieces
 16460 | D:6      | Learned a level 4 spell: Summon Lightning Spire
 16618 | D:14     | Reached skill level 1 in Summonings
 16693 | D:14     | Noticed Louise
 16708 | D:14     | Killed Louise
 16777 | D:14     | Noticed Azrael
 16791 | D:14     | Killed Azrael
 16862 | D:14     | Found a portal to a secret trove of treasure.
 16907 | D:15     | Entered Level 15 of the Dungeon
 17057 | D:14     | Found a gate to the Vaults.
 17067 | Vaults:1 | Entered Level 1 of the Vaults
 17085 | Vaults:1 | Reached XP level 18. HP: 150/150 MP: 28/31
 17235 | Vaults:1 | Found a flickering gateway to a bazaar.
 17239 | Bazaar   | Entered a bazaar
 17248 | Bazaar   | Found Kiychijo's Antique Weapon Emporium.
 17261 | Bazaar   | Found Voato's Antique Weapon Shoppe.
 17276 | Bazaar   | Found Vesh's Antique Armour Shoppe.
 17287 | Bazaar   | Found Xueshaiv's Antique Armour Emporium.
 17421 | Vaults:2 | Reached skill level 10 in Transmutations
 17837 | Vaults:2 | Found a staircase to the Crypt.
 17841 | Crypt:1  | Entered Level 1 of the Crypt
 17868 | Crypt:1  | You fall through a shaft!
 17896 | Crypt:3  | Entered Level 3 of the Crypt
 17905 | Crypt:3  | Reached skill level 15 in Maces & Flails
 18027 | Crypt:3  | Found a staircase to the Tomb.
 18314 | Crypt:3  | Reached XP level 19. HP: 143/156 MP: 22/32
 18352 | Crypt:3  | Found a basalt altar of Yredelemnul.
 18425 | Crypt:3  | Reached skill level 10 in Spellcasting
 18505 | Crypt:3  | Noticed a lich
 18520 | Crypt:3  | Killed a lich
 18578 | Crypt:3  | Noticed a bone dragon
 18588 | Crypt:3  | Noticed an ancient lich
 18588 | Crypt:3  | Noticed a bone dragon
 18597 | Crypt:3  | Killed a bone dragon
 18598 | Crypt:3  | Killed an ancient lich
 18609 | Crypt:3  | Killed a bone dragon
 18670 | Crypt:3  | Identified the Reference Book on Sinister Rites
 18677 | Crypt:3  | Learned a level 3 spell: Regeneration
 19042 | Vaults:2 | Found a runed door.
 19042 | Vaults:2 | Noticed Tazamm's ghost (adept MiBe)
 19076 | Vaults:2 | Killed Tazamm's ghost
 19083 | Vaults:2 | Got a dazzling demon trident
 19084 | Vaults:2 | Identified the +9 demon trident of Due Proportion {venom,
                  | Str-5 Dex+5} (You found it on level 2 of the Vaults)
 19412 | Vaults:3 | Got a slimy tin ring
 19414 | Vaults:3 | Identified the ring of Tauno {rPois rF++} (You found it on
                  | level 3 of the Vaults)
 19529 | Vaults:3 | Found Qoreeh's Antique Armour Boutique.
 19653 | Vaults:3 | Reached XP level 20. HP: 164/164 MP: 29/36
 20299 | Vaults:4 | Reached skill level 10 in Dodging
 20620 | Vaults:5 | Entered Level 5 of the Vaults
 20719 | Vaults:5 | Reached XP level 21. HP: 170/170 MP: 19/37
 20724 | Vaults:5 | Identified the cursed +2 falchion of the Madman {slice,
                  | rC++ Str+2 Dex-4}
 20726 | Vaults:5 | Noticed an ancient lich
 20962 | Vaults:5 | Noticed an ancient lich
 20963 | Vaults:5 | Killed an ancient lich
 21097 | Vaults:5 | Killed an ancient lich
 21097 | Vaults:5 | Reached skill level 10 in Shields
 21268 | Vaults:4 | Reached skill level 5 in Stealth
 21354 | Vaults:5 | Noticed an ancient lich
 21373 | Vaults:5 | Killed an ancient lich
 21374 | Vaults:5 | Noticed Jory
 21376 | Vaults:5 | Identified the +12 short sword "Okud" {drain, rElec MP+9
                  | Str+3 SInv}
 21378 | Vaults:4 | Reached XP level 22. HP: 107/186 MP: 5/38
 21574 | Vaults:4 | Killed Jory
 21849 | Vaults:5 | Found the +8 storm bow {elec}
 21899 | Vaults:5 | Got a silver rune of Zot
 22552 | D:15     | Got a flickering marble ring
 22554 | D:15     | Identified the ring "Zielia" {rC- rN++ Str+4 SInv} (You
                  | found it on level 15 of the Dungeon)
 22685 | D:15     | Got a warped amber ring
 22687 | D:15     | Identified the ring "Qaess" {MP+9 Int+3} (You found it on
                  | level 15 of the Dungeon)
 22722 | D:15     | Identified Spellweaving for Novices
 22730 | D:15     | Learned a level 1 spell: Summon Butterflies
 22737 | D:15     | Found a staircase to the Depths.
 22794 | D:15     | Got a sparkling wooden ring
 22796 | D:15     | Identified the ring "Huupuox" {+Inv EV+3 Dex+2} (You found
                  | it on level 15 of the Dungeon)
 22822 | D:15     | holy battleaxe or shield/scourge?
 22905 | D:15     | Found Fezosoiturgh's Antique Armour Emporium.
 22938 | D:15     | Reached skill level 1 in Axes
 22986 | D:15     | Identified a scroll of acquirement
 22989 | D:15     | Found the +6 lightning scales {run, rElec}
 23034 | D:15     | Reached skill level 2 in Axes
 23053 | D:15     | Found Yconigeo's Magic Scroll Emporium.
 23084 | D:15     | Bought a scroll of teleportation for 48 gold pieces
 23084 | D:15     | Bought a scroll of teleportation for 48 gold pieces
 23084 | D:15     | Bought 3 scrolls of magic mapping for 168 gold pieces
 23140 | D:15     | Reached skill level 3 in Axes
 23187 | D:15     | Found Xeotib's Armour Emporium.
 23318 | Depths:1 | Entered Level 1 of the Depths
 23321 | Depths:1 | Found a gateway to a ziggurat.
 23343 | Depths:1 | Reached skill level 4 in Axes
 23410 | Depths:1 | Reached skill level 5 in Axes
 23443 | Depths:1 | Reached skill level 6 in Axes
 23446 | Depths:1 | Found a gateway to Hell.
 23465 | Depths:1 | Reached skill level 7 in Axes
 23486 | Depths:1 | Found Ycugeos's Magic Scroll Shop.
 23489 | Depths:1 | Found Wakhip's Armour Boutique.
 23489 | Depths:1 | Found Pyr Hia's Antique Weapon Shop.
 23492 | Depths:1 | Found Veraom's Magic Scroll Boutique.
 23509 | Depths:1 | Bought a scroll of acquirement for 728 gold pieces
 23512 | Depths:1 | Got a faintly glowing brass amulet
 23513 | Depths:1 | Identified the amulet "Gify" {Regen+ Str+2 Stlth+} (You
                  | acquired it on level 1 of the Depths)
 23522 | Depths:1 | Bought a scroll of teleportation for 42 gold pieces
 23522 | Depths:1 | Bought a scroll of teleportation for 42 gold pieces
 23528 | Depths:1 | Bought a scroll of blinking for 157 gold pieces
 23528 | Depths:1 | Bought a scroll of summoning for 199 gold pieces
 23595 | Zig:1    | Entered Level 1 of a ziggurat
 23595 | Zig:1    | Noticed Keven the pandemonium lord
 23629 | Zig:1    | Killed Keven the pandemonium lord
 23629 | Zig:1    | Reached skill level 8 in Axes
 23652 | Zig:2    | Entered Level 2 of a ziggurat
 23677 | Zig:3    | Entered Level 3 of a ziggurat
 23677 | Zig:3    | Found the +7 great mace "Firestarter" {inner flame, rF++}
 23733 | Zig:4    | Entered Level 4 of a ziggurat
 23763 | Zig:4    | Identified the Collected Works on the Escort and Venom
 23767 | Zig:4    | Got a smoking garnet amulet
 23769 | Zig:4    | Identified the amulet "Gusu Hum" {+Blink +Rage rC+ Str+2}
                  | (You found it on level 4 of a ziggurat)
 23776 | Zig:5    | Entered Level 5 of a ziggurat
 23783 | Zig:5    | Reached XP level 23. HP: 192/192 MP: 26/40
 23847 | Zig:5    | Learned a level 1 spell: Apportation
 23851 | Zig:6    | Entered Level 6 of a ziggurat
 23862 | Zig:6    | Reached skill level 9 in Axes
 23891 | Zig:6    | Learned a level 2 spell: Shroud of Golubria
 23894 | Zig:6    | Learned a level 2 spell: Song of Slaying
 23898 | Zig:6    | Learned a level 3 spell: Spectral Weapon
 23901 | Zig:7    | Entered Level 7 of a ziggurat
 23947 | Zig:7    | Got a scintillating amber ring
 23951 | Zig:7    | Identified the ring "Paxu Azo" {Wiz rElec Str+3 Int+6} (You
                  | found it on level 7 of a ziggurat)
 23999 | Zig:8    | Entered Level 8 of a ziggurat
 24021 | Zig:8    | Reached skill level 10 in Axes
 24113 | Zig:9    | Entered Level 9 of a ziggurat
 24117 | Zig:9    | Noticed a Killer Klown
 24117 | Zig:9    | Noticed a Killer Klown
 24118 | Zig:9    | Noticed a Killer Klown
 24118 | Zig:9    | Noticed a Killer Klown
 24119 | Zig:9    | Noticed a Killer Klown
 24119 | Zig:9    | Noticed Nuinuan the pandemonium lord
 24125 | Zig:9    | Killed a Killer Klown
 24128 | Zig:9    | Killed a Killer Klown
 24131 | Zig:9    | Killed a Killer Klown
 24131 | Zig:9    | Reached skill level 11 in Axes
 24138 | Zig:9    | Killed a Killer Klown
 24141 | Zig:9    | Killed a Killer Klown
 24149 | Zig:9    | Killed Nuinuan the pandemonium lord
 24179 | Zig:9    | Got a scintillating lapis lazuli ring
 24181 | Zig:9    | Identified the ring "Vyoghukh" {rPois rF+ rN+ Str+4 Dex-3}
                  | (You found it on level 9 of a ziggurat)
 24229 | Zig:10   | Entered Level 10 of a ziggurat
 24246 | Zig:10   | Reached skill level 12 in Axes
 24331 | Zig:11   | Entered Level 11 of a ziggurat
 24426 | Zig:11   | Reached skill level 13 in Axes
 24426 | Zig:11   | Reached XP level 24. HP: 200/200 MP: 40/40
 24455 | Zig:11   | Identified the amulet of the Thoughtful Queens {Harm
                  | *Corrode *Drain rC+ Int+5} (You found it on level 11 of a
                  | ziggurat)
 24531 | Depths:2 | Reached skill level 14 in Axes
 24739 | Depths:2 | Reached XP level 25. HP: 64/208 MP: 29/40
 24970 | Depths:3 | Reached skill level 15 in Axes
 25162 | Depths:2 | Reached skill level 16 in Axes
 25413 | Depths:3 | Found the +2 pair of boots of the Assassin {Detection Stab+
                  | Stlth++}
 25453 | Depths:3 | Found a shadowy altar of Dithmenos.
 25457 | Depths:3 | Found a one-way gate leading to the halls of Pandemonium.
 25469 | Depths:3 | Got a bound platinum ring
 25471 | Depths:3 | Identified the ring "Dieb" {+Fly rPois rF++ Stlth+} (You
                  | found it on level 3 of the Depths)
 25654 | Depths:4 | Found a one-way gate to the infinite horrors of the Abyss.
 25684 | Depths:4 | Voluntarily entered the Abyss.
 25888 | Abyss:1  | Found a hide-covered altar of Uskayaw.
 25902 | Abyss:1  | Found a corrupted altar of Lugonu.
 25947 | Abyss:1  | Found an ancient bone altar of Kikubaaqudgha.
 25988 | Abyss:1  | Reached skill level 17 in Axes
 26223 | Abyss:1  | Paralysed by accursed screaming for 1 turns
 26713 | Abyss:3  | Identified the +0 naga barding of Soh Roty {Str+7 Dex+4}
                  | (You acquired it on level 3 of the Abyss)
 26912 | Abyss:3  | Reached skill level 18 in Axes
 26952 | Abyss:3  | Identified the ring of Luraor {rN+ MR+ Dex+4} (You acquired
                  | it on level 3 of the Abyss)
 27083 | Abyss:5  | Entered Level 5 of the Abyss
 27083 | Abyss:5  | Found a transporter.
 27142 | Abyss:5  | Learned a level 5 spell: Lee's Rapid Deconstruction
 27184 | Abyss:5  | Found a corrupted altar of Lugonu.
 27268 | Abyss:5  | Reached XP level 26. HP: 214/215 MP: 25/32
 27495 | Abyss:5  | Got an abyssal rune of Zot
 27506 | Depths:4 | Escaped the Abyss
 27535 | Depths:3 | Identified the +4 demon blade "San Nub" {drain, Fragile
                  | +Inv MR+++ Dex+2}
 27700 | D:14     | You showed the abyssal rune of Zot to enter a treasure
                  | trove
 27701 | Trove    | Entered a treasure trove
 27728 | Trove    | Got a smoking naga barding
 27739 | Trove    | Identified the +2 naga barding "Totaom" {Int+5 Dex+4
                  | Stlth+} (You found it in a treasure trove)
 27750 | Trove    | Got a pair of brightly glowing gloves
 27756 | Trove    | Identified the +1 pair of gloves of the Thunderstorm
                  | {Str+5} (You found it in a treasure trove)
 27788 | Trove    | Got a distressingly furry naga barding
 27794 | Trove    | Identified the +5 naga barding of Pemec {Int+2} (You found
                  | it in a treasure trove)
 27822 | Trove    | Got a transparent naga barding
 27828 | Trove    | Identified the +4 naga barding "Xaehueps" {MR+ Str+3} (You
                  | found it in a treasure trove)
 27947 | Hell     | Entered the Vestibule of Hell
 27947 | Hell     | Noticed Geryon
 27959 | Hell     | Noticed Murray
 27969 | Hell     | Killed Geryon
 28017 | Depths:1 | Learned a level 4 spell: Passage of Golubria
 28086 | Hell     | Killed Murray
 28086 | Hell     | Reached skill level 5 in Translocations
 28118 | Hell     | Found a gateway to the ashen valley of Gehenna.
 28167 | Geh:1    | Entered Level 1 of Gehenna
 28341 | Geh:6    | Reached skill level 15 in Transmutations
 28439 | Geh:7    | Entered Level 7 of Gehenna
 28680 | Geh:7    | Identified the +6 shortbow "Behorgh" {freeze, rElec Int+3}
 28764 | Geh:7    | Reached skill level 10 in Fighting
 28769 | Geh:7    | Identified the +7 sceptre of Asmodeus
 28769 | Geh:7    | Noticed Asmodeus
 28789 | Geh:7    | Killed Asmodeus
 28798 | Geh:7    | Reached XP level 27. HP: 230/230 MP: 33/40
 28819 | Geh:7    | Got an obsidian rune of Zot
 28989 | Hell     | Found a gateway to the decaying netherworld of Tartarus.
 28993 | Hell     | Reached skill level 5 in Summonings
 28998 | Tar:1    | Entered Level 1 of Tartarus
 29042 | Tar:1    | Killed from afar by a Tzitzimitl

Vault maps used:
D:1:      elethiomel_arrival_shortcut
D:2:      cheibriados_altar_1, bloody_trog, serial_undead, serial_undead_b,
          serial_undead_e, serial_undead_a, serial_undead_a, serial_undead_b,
          serial_undead_f, serial_undead_d, chequers_ecumenical_altar_simple
D:3:      grunt_gozag_breadcrumbs, old_standard_altar
D:4:      overflow_temple_1_default, lemuel_round_altar,
          minmay_temple_entry_stoned_glass
D:5:      nicolae_overflow_hidden_temple, gammafunk_temple_overflow_wave,
          cheibrodos_sewer_entry_bend, first_ration, minmay_misc_feat_iff,
          minmay_increasing_density
D:6:      lemuel_crystal_altar, serial_shops, nicolae_shop_waterfront, shop,
          shop, shop, uniq_crazy_yiuf_cottage
D:7:      grunt_ogre_cave
D:8:      overflow_temple_1_default, uniq_maurice
D:9:      led_sif_pool, tso_altar, minmay_lair_entry_grove, erik_orc_1,
          serial_bayou_pond_c, grunt_dithmenos_smoke, uniq_pikel
D:10:     basic_altar
D:11:     enter_bailey_3, uniq_sonja, uniq_grum
D:12:     gammafunk_ghost_hive, serial_shops, shop, due_unseen_surprise
D:13:     serial_shops, shop, uniq_nessos, uniq_snorg
D:14:     minmay_ambush_box, david_vaults_1, nicolae_trove_entry_diagonal,
          uniq_azrael, uniq_louise
D:15:     hangedman_spin_cycle, serial_shops
Lair:1:   grunt_megastairs_3
Lair:2:   ebering_ghost_inner_flame, lemuel_fruit_fields
Lair:3:   nicolae_swamp_entry_splash_gauntlet, minivault_29
Lair:4:   dummy_spider_entry
Lair:5:   slime_dummy, enter_volcano_1, serial_bayou_lagoon_b
Lair:6:   wormcave
Swamp:1:  evilmike_swamp_ruin_rubble_1, swamp_pool3
Swamp:2:  nicolae_swamp_godswood
Swamp:3:  hangedman_swamp_diagram, infiniplex_staircase_pool_2
Swamp:4:  swamp_fiery, swamp_pool4
Spider:1: nicolae_looking_at_the_future
Spider:4: grunt_spider_rune_parallel
Orc:1:    ebering_ghost_xom, serial_shops, nicolae_shop_crystal, uniq_fannar,
          uniq_harold
Orc:2:    st_orc_rangers, hangedman_minor_magic, uniq_saint_roka
Vaults:1: nicolae_vaults_big_angled_halls, nicolae_vaults_network_quinsquares,
          vaults_mumra_lcd, v_misc_31, nicolae_vaults_network_square,
          hangedman_vaults_hat, v_misc_30, vaults_mumra_hexcomb,
          nicolae_vaults_bisected_slash, vaults_room_door_ring,
          nicolae_vaults_little_squares_1, serial_shops, bzr_in_the_mist
Vaults:2: gammafunk_vaults_ghost_grave, v_pattern_2, nicolae_vaults_octagons,
          nicolae_vaults_little_squares_4, ontoclasm_vaults_tryst,
          hangedman_vaults_capsules, nicolae_vaults_stairing_the_circle,
          v_misc_29, ontoclasm_vaults_eye, vaults_room_grid,
          nicolae_vaults_hallways_thing, minmay_crypt_entry_skeletal_spiral,
          nicolae_vaults_big_angled_halls, ontoclasm_vaults_spin, v_misc_25
Vaults:3: v_misc_17, v_misc_27, v_pattern_1, v_misc_1, grunt_vaults_funnel,
          hangedman_vaults_slice, hangedman_vaults_slice,
          grunt_vaults_hallway_short, v_alt_pattern_3, vaults_dpeg_encased_lava,
          ontoclasm_vaults_loading_screen, serial_shops, nicolae_shop_stone
Vaults:4: ontoclasm_vaults_chip, grunt_vaults_hallway_long, serial_ice_m,
          vaults_room_fours, ontoclasm_vaults_twist, v_misc_27
Vaults:5: uniq_jory
Crypt:1:  grunt_megastairs_4
Crypt:3:  church_of_pain_bobbens, nicolae_tomb_entry_unfolded_pyramid_orthogonal
Depths:1: enter_ziggurat_f, minmay_misc_feat_x, hell_entry, minivault_14,
          hangedman_abyss_or_decor_passed, abandoned_shop, grunt_ministairs_2,
          serial_bayou_lagoon_a, dk_noncrumbling_4,
          minmay_checkered_concentric_circles, minmay_shoptagon
Depths:2: lemuel_castle_with_subvaults, pf_hell_entry_tar_spiral,
          grunt_decor_one_mirror, grunt_pan_entry_sceptre,
          minmay_misc_feat_diagonals, chequers_serial_rivers_micro_c
Depths:3: regret_index_dithmenos_brocken_genspenst, hellmouth_1,
          biasface_ghost_demon_polymorph, pan_entry, serial_bayou,
          serial_bayou_pond_d, serial_bayou_ford_a, serial_bayou_pond_a,
          serial_bayou_pond_e, infiniplex_staircase_zigzag_1
Depths:4: hangedman_elemental_death_ray, minmay_misc_feat_secret_circle,
          grunt_hell_horde, pan_entry, abyss_entry
Geh:2:    lemuel_elevator
Geh:7:    geh_old
Abyss:3:  hangedman_abyss_rune_flesh_and_stone
Abyss:4:  evilmike_abyss_exit_13, evilmike_abyss_exit_10,
          evilmike_abyss_rune_siren_acolytes
Abyss:5:  gammafunk_abyss_exit_x_factor, evilmike_abyss_exit_kraken,
          gammafunk_abyss_rune_reverse_zot, evilmike_abyss_exit_9
Zig:11:   ziggurat_pillar_centre_c
Bazaar:   bazaar_minmay_armour_weapon
Trove:    trove_armour_1
Sewer:    sewer_frog_island_01
Bailey:   bailey_axe_1, bailey
Volcano:  volcano_village

Skill      XL: |  1  2  3  4  5  6  7  8  9 10 11 12 13 14 15 16 17 18 19 20 21 22 23 24 25 26 27 |
---------------+----------------------------------------------------------------------------------+-----
Spellcasting   | 4 6 9 12 13 | 13.0
Air Magic      | 5 6 7 6 |  6.5
Fighting       | 4 3 5 7 9 11 | 11.4
Dodging        | 5 4 5 7 8 12 13 14 | 14.2
Maces & Flails | 2 6 9 11 14 16 | 16.2
Evocations     | 3 4 5 6 |  6.5
Stealth        | 2 9 |  9.8
Conjurations   | 0 |  0.8
Charms         | 4 |  4.0
Ice Magic      | 3 |  3.0
Shields        | 7 9 10 | 10.3
Translocations | 3 6 |  6.0
Transmutations | 2 9 11 15 | 15.9
Earth Magic    | 5 10 11 | 11.1
Summonings     | 4 5 |  5.6
Axes           | 8 13 14 18 | 18.3

Action                   |  1- 3 |  4- 6 |  7- 9 | 10-12 | 13-15 | 16-18 | 19-21 | 22-24 | 25-27 || total
-------------------------+-------+-------+-------+-------+-------+-------+-------+-------+-------++-------
Melee: Short sword       |     2 |       |       |       |       |       |       |       |       ||     2
       Spear             |     2 |       |       |    58 |       |       |       |       |       ||    60
       Dagger            |       |    30 |     2 |       |       |       |       |       |       ||    32
       Mace              |       |       |    83 |   381 |       |       |       |       |       ||   464
       Quarterstaff      |       |       |    21 |       |       |       |       |       |       ||    21
       Flail             |       |       |       |    59 |  1097 |  1152 |   781 |   691 |    63 ||  3843
       Constrict         |       |       |       |       |   219 |   220 |   104 |   126 |   116 ||   785
       Battleaxe         |       |       |       |       |       |       |       |    25 |   855 ||   880
 Cast: Shock             |    23 |    53 |    87 |    72 |       |     2 |       |       |       ||   237
       Airstrike         |       |     3 |    11 |    20 |     3 |     8 |    10 |    14 |    10 ||    79
       Lightning Bolt    |       |       |     1 |       |       |       |       |       |       ||     1
       Ozocubu's Armour  |       |       |       |     5 |    65 |    30 |       |     1 |       ||   101
       Mephitic Cloud    |       |       |       |       |    19 |    32 |    12 |     4 |       ||    67
       Blink             |       |       |       |       |     1 |     1 |     2 |       |       ||     4
       Statue Form       |       |       |       |       |       |    25 |    35 |    29 |    22 ||   111
       Passwall          |       |       |       |       |       |     1 |       |       |       ||     1
       Summon Lightning  |       |       |       |       |       |     1 |     1 |       |     1 ||     3
       Regeneration      |       |       |       |       |       |       |    29 |    21 |    54 ||   104
       Song of Slaying   |       |       |       |       |       |       |       |     8 |     8 ||    16
       Lee's Rapid Decon |       |       |       |       |       |       |       |       |     8 ||     8
       Shroud of Golubri |       |       |       |       |       |       |       |       |     5 ||     5
       Apportation       |       |       |       |       |       |       |       |       |     4 ||     4
       Spectral Weapon   |       |       |       |       |       |       |       |       |     1 ||     1
       Passage of Golubr |       |       |       |       |       |       |       |       |     7 ||     7
Invok: Sacrifice Durabil |       |       |     1 |       |       |       |       |       |       ||     1
       Sacrifice Skill   |       |       |     1 |       |       |       |       |       |       ||     1
       Draw Out Power    |       |       |       |    12 |    20 |     6 |     7 |     3 |     9 ||    57
       Sacrifice Drink   |       |       |       |     1 |       |       |       |       |       ||     1
       Reject Sacrifices |       |       |       |     1 |       |       |       |       |       ||     1
       Apocalypse        |       |       |       |       |     5 |     9 |    10 |    11 |    10 ||    45
       Sacrifice Resista |       |       |       |       |     1 |       |       |       |       ||     1
 Abil: Spit Poison       |    14 |    18 |    25 |    20 |     4 |       |       |       |       ||    81
       Evoke Berserk Rag |       |       |     2 |    17 |     9 |     1 |     2 |     1 |       ||    32
       Evoke Blink       |       |       |       |       |     6 |     1 |       |       |       ||     7
       Breathe Poison Ga |       |       |       |       |     8 |     7 |     6 |     4 |     1 ||    26
       End Transformatio |       |       |       |       |       |     1 |     8 |     6 |     5 ||    20
Evoke: Wand              |       |       |       |    14 |    11 |     3 |     2 |     1 |     2 ||    33
       Staff of energy   |       |       |       |       |       |     3 |       |       |       ||     3
       Box of beasts     |       |       |       |       |       |     1 |       |       |       ||     1
       Lamp of fire      |       |       |       |       |       |       |     1 |       |       ||     1
  Use: Scroll            |       |     5 |     2 |    10 |    19 |     9 |     6 |    25 |     8 ||    84
       Potion            |       |       |       |       |     1 |       |     2 |     1 |     2 ||     6
 Stab: Sleeping          |       |       |     1 |     1 |     4 |     3 |     1 |    10 |     8 ||    28
       Distracted        |       |       |       |     2 |     3 |    10 |     7 |     5 |    11 ||    38
       Confused          |       |       |       |     2 |    13 |    10 |     9 |     1 |       ||    35
       Invisible         |       |       |       |     1 |     6 |    11 |     1 |     3 |     8 ||    30
       Petrified         |       |       |       |       |     3 |       |       |       |       ||     3
       Paralysed         |       |       |       |       |    11 |    25 |     3 |    24 |    16 ||    79
  Eat: Chunk             |       |     2 |    10 |    23 |    16 |    16 |    13 |    16 |     8 ||   104
       Ration            |       |       |     1 |     2 |     3 |     5 |     3 |     1 |     4 ||    19
Armor: Robe              |       |    20 |    58 |    14 |       |       |       |       |       ||    92
       Troll leather arm |       |       |       |   142 |   175 |   162 |     8 |    29 |   206 ||   722
       Leather armour    |       |       |       |       |    33 |       |       |       |       ||    33
       Skin              |       |       |       |       |       |   256 |   310 |   301 |   340 ||  1207
Dodge: Dodged            |     6 |    27 |    90 |   417 |   549 |   630 |   472 |   622 |   882 ||  3695
Block: Other             |       |       |     3 |       |       |       |       |       |       ||     3
       Shield            |       |       |       |       |   343 |   895 |   624 |   704 |    48 ||  2614

Table legend:
 A = Non-vault XP
 B = Vault XP
 C = Vault XP percentage of total XP
 D = Non-vault monster count
 E = Vault monster count
 F = Vault count percentage of total count
                 A         B        C        D         E       F
            +---------+---------+-------+---------+---------+-------
      Total |  633358 |  512508 |  44.7 |    1378 |     808 |  37.0
            +---------+---------+-------+---------+---------+-------
        D:1 |       4 |       0 |   0.0 |       4 |       0 |   0.0
        D:2 |       5 |       0 |   0.0 |       2 |       0 |   0.0
        D:3 |      13 |       0 |   0.0 |       7 |       0 |   0.0
        D:4 |      81 |       0 |   0.0 |       3 |       0 |   0.0
        D:5 |      59 |     142 |  70.6 |       7 |       7 |  50.0
        D:6 |     814 |      41 |   4.8 |      17 |       1 |   5.6
        D:7 |     950 |     125 |  11.6 |      18 |       1 |   5.3
        D:8 |     781 |       0 |   0.0 |      17 |       0 |   0.0
        D:9 |    1424 |    2530 |  64.0 |      20 |      30 |  60.0
       D:10 |    3940 |       0 |   0.0 |      40 |       0 |   0.0
       D:11 |    2735 |     395 |  12.6 |      16 |       7 |  30.4
       D:12 |    7425 |    5505 |  42.6 |      41 |      14 |  25.5
       D:13 |    5906 |       0 |   0.0 |      21 |       0 |   0.0
       D:14 |    2429 |   10938 |  81.8 |      10 |      20 |  66.7
       D:15 |     292 |   34279 |  99.2 |       1 |      67 |  98.5
     Lair:1 |    2626 |    1037 |  28.3 |      13 |       6 |  31.6
     Lair:2 |    1034 |    2325 |  69.2 |       7 |       3 |  30.0
     Lair:3 |    4097 |    4875 |  54.3 |      16 |      43 |  72.9
     Lair:4 |    6059 |       0 |   0.0 |      19 |       0 |   0.0
     Lair:5 |    2286 |       0 |   0.0 |       9 |       0 |   0.0
     Lair:6 |    7671 |    6453 |  45.7 |      27 |      18 |  40.0
    Swamp:1 |    4185 |       0 |   0.0 |      11 |       0 |   0.0
    Swamp:2 |    4698 |       0 |   0.0 |      14 |       0 |   0.0
    Swamp:3 |   15299 |    1044 |   6.4 |      45 |       2 |   4.3
    Swamp:4 |   10623 |    9882 |  48.2 |      25 |      19 |  43.2
   Spider:1 |   11461 |    1901 |  14.2 |      32 |      15 |  31.9
   Spider:2 |   19368 |       0 |   0.0 |      56 |       0 |   0.0
   Spider:3 |   15181 |       0 |   0.0 |      41 |       0 |   0.0
   Spider:4 |   14343 |   21407 |  59.9 |      38 |      56 |  59.6
      Orc:1 |    5359 |    7292 |  57.6 |      29 |       4 |  12.1
      Orc:2 |    2611 |    7031 |  72.9 |      31 |      55 |  64.0
   Vaults:1 |    6785 |     935 |  12.1 |      12 |       1 |   7.7
   Vaults:2 |   13394 |   48933 |  78.5 |      24 |      69 |  74.2
   Vaults:3 |   16004 |   14687 |  47.9 |      23 |      19 |  45.2
   Vaults:4 |   35289 |   36037 |  50.5 |      72 |      30 |  29.4
   Vaults:5 |   18878 |  112519 |  85.6 |      39 |      77 |  66.4
    Crypt:2 |    1368 |       0 |   0.0 |       2 |       0 |   0.0
    Crypt:3 |   14303 |   62397 |  81.4 |      21 |      72 |  77.4
   Depths:1 |   43203 |   12603 |  22.6 |      56 |      16 |  22.2
   Depths:2 |   31912 |    2811 |   8.1 |      43 |       6 |  12.2
   Depths:3 |   39266 |   22806 |  36.7 |      55 |      28 |  33.7
   Depths:4 |    1127 |       0 |   0.0 |       1 |       0 |   0.0
       Hell |   21912 |   15902 |  42.1 |      42 |      18 |  30.0
      Geh:1 |    1353 |       0 |   0.0 |       6 |       0 |   0.0
      Geh:2 |    2384 |       0 |   0.0 |       9 |       0 |   0.0
      Geh:3 |    5990 |       0 |   0.0 |      15 |       0 |   0.0
      Geh:4 |     400 |       0 |   0.0 |       1 |       0 |   0.0
      Geh:6 |   15276 |       0 |   0.0 |      40 |       0 |   0.0
      Geh:7 |   26431 |   47087 |  64.0 |      41 |      32 |  43.8
      Tar:1 |    4279 |       0 |   0.0 |       8 |       0 |   0.0
    Abyss:1 |   40413 |       0 |   0.0 |      65 |       0 |   0.0
    Abyss:2 |     337 |       0 |   0.0 |       1 |       0 |   0.0
    Abyss:3 |   13787 |       0 |   0.0 |      29 |       0 |   0.0
    Abyss:4 |    4153 |       0 |   0.0 |       1 |       0 |   0.0
    Abyss:5 |   14817 |   14316 |  49.1 |      31 |      13 |  29.5
      Zig:1 |    8597 |       0 |   0.0 |       1 |       0 |   0.0
      Zig:2 |    1529 |       0 |   0.0 |       4 |       0 |   0.0
      Zig:3 |    1313 |       0 |   0.0 |       9 |       0 |   0.0
      Zig:4 |    4267 |       0 |   0.0 |       4 |       0 |   0.0
      Zig:5 |    6146 |       0 |   0.0 |       8 |       0 |   0.0
      Zig:6 |    6871 |       0 |   0.0 |       9 |       0 |   0.0
      Zig:7 |    4835 |       0 |   0.0 |      11 |       0 |   0.0
      Zig:8 |   11521 |       0 |   0.0 |      10 |       0 |   0.0
      Zig:9 |   31074 |       0 |   0.0 |      11 |       0 |   0.0
     Zig:10 |   12631 |       0 |   0.0 |      23 |       0 |   0.0
     Zig:11 |   17754 |       0 |   0.0 |      14 |       0 |   0.0
      Sewer |       0 |     131 | 100.0 |       0 |      19 | 100.0
     Bailey |       0 |    1157 | 100.0 |       0 |      32 | 100.0
    Volcano |       0 |    2985 | 100.0 |       0 |       8 | 100.0
            +---------+---------+-------+---------+---------+-------
